[Event "Titled Tuesday Blitz June 29 2021"]
[White "ChessLover0108"]
[Black "viditchess"]
[WhiteElo "2864"]
[BlackElo "3068"]
[Result "0-1"]
[Round "09"]
[TimeControl "180+1"]
[Date "2021.06.29"]
[WhiteClock "0:00:02"]
[BlackClock "0:00:07"]

1. d4 Nf6 2. c4 e6 3. Nf3 d5 4. Nc3 Bb4 5. Bg5 dxc4 6. e4 h6 7. Bxf6 Qxf6 8. Bxc4 c5 9. O-O cxd4 10. e5 Qd8 11. Ne4 O-O 12. a3 Be7 13. Re1 Bd7 14. Bd3 Bc6 15. Rc1 Nd7 16. Bb1 Qb6 17. Qd3 g6 18. h4 Qxb2 19. h5 Qxa3 20. Qd2 Bxe4 21. Rxe4 g5 22. Rxd4 Rfd8 23. Rc7 Nf8 24. Rxb7 Rxd4 25. Qxd4 Rd8 26. Qg4 a5 27. Kh2 Qc5 28. Qe4 Kg7 29. Kg3 Rd1 30. Bc2 Rf1 31. Nd4 Rc1 32. Bd3 Kg8 33. Kh2 Rd1 34. Nf3 a4 35. Qxa4 Rxd3 36. Qe8 Rxf3 37. gxf3 Qxf2+ 38. Kh1 Qxf3+ 39. Kh2 Qxb7 0-1


[Site "https://www.chess.com"]

[Event "Titled Tuesday Blitz June 29 2021"]
[White "ChristopherYoo"]
[Black "SaraBlackPanther"]
[WhiteElo "2923"]
[BlackElo "2694"]
[Result "1/2-1/2"]
[Round "09"]
[TimeControl "180+1"]
[Date "2021.06.29"]
[WhiteClock "0:00:17"]
[BlackClock "0:00:35"]

1. e4 e5 2. Nf3 Nc6 3. Bb5 a6 4. Ba4 d6 5. O-O Bd7 6. d4 b5 7. Bb3 Nxd4 8. Nxd4 exd4 9. c3 dxc3 10. Qh5 g6 11. Qd5 Be6 12. Qc6+ Bd7 13. Qxc3 Nf6 14. e5 dxe5 15. Qxe5+ Be7 16. Re1 Be6 17. Bxe6 fxe6 18. Qxe6 Qd6 19. Qxd6 cxd6 20. Bg5 Kf7 21. Nc3 Rac8 22. Rxe7+ Kxe7 23. Nd5+ Ke6 24. Nxf6 h6 25. Re1+ Kf5 26. Ne4 hxg5 27. Nxd6+ Kf6 28. Nxc8 Rxc8 29. g3 Rc2 30. Rb1 g4 31. Kg2 Kf5 32. a3 Kf6 33. b4 Ra2 34. Rb3 Kf5 35. Rd3 Ra1 36. Rd5+ Ke6 37. Rg5 Kf6 38. Rxg4 Rxa3 39. h4 Rb3 40. Re4 g5 41. h5 Kf5 42. f3 Rb2+ 43. Kh3 Rb1 44. g4+ Kf6 45. f4 Rb3+ 46. Kg2 gxf4 47. Rxf4+ Kg5 48. Re4 Ra3 49. Kf2 a5 50. bxa5 Rxa5 51. Kf3 Ra3+ 52. Re3 b4 53. Ke2 Kf4 54. Re8 Kxg4 55. h6 Rh3 56. Rh8 Kg5 57. Rg8+ Kf6 58. Rb8 Rxh6 59. Rxb4 Rh2+ 60. Kf3 Rh3+ 61. Kg4 Re3 62. Rf4+ Kg6 63. Rf3 Rxf3 64. Kxf3 1/2-1/2


[Site "https://www.chess.com"]

[Event "Titled Tuesday Blitz June 29 2021"]
[White "DeTimmerman"]
[Black "PavelShkapenko"]
[WhiteElo "2790"]
[BlackElo "2687"]
[Result "1/2-1/2"]
[Round "09"]
[TimeControl "180+1"]
[Date "2021.06.29"]
[WhiteClock "0:00:10"]
[BlackClock "0:00:10"]

1. b4 e5 2. Bb2 d5 3. Bxe5 Nc6 4. Bb2 Nxb4 5. a3 Na6 6. Nf3 Nc5 7. e3 Na4 8. Bc1 Bd7 9. Be2 Nf6 10. O-O Bd6 11. c4 dxc4 12. Bxc4 c5 13. d4 cxd4 14. Nxd4 O-O 15. h3 Qe7 16. Nd2 Rac8 17. Bd3 Rfd8 18. N2f3 Bb8 19. Qe1 Nc5 20. Bf5 Bxf5 21. Nxf5 Qe4 22. N5d4 Nd3 23. Qe2 Nd5 24. Bd2 Nc3 25. Bxc3 Rxc3 26. Rfd1 Ne5 27. Nb5 Rcc8 28. Rxd8+ Rxd8 29. Nbd4 Nxf3+ 30. Nxf3 Qe7 31. a4 g6 32. Qb5 Qf6 33. Rb1 b6 34. a5 bxa5 35. Qxa5 h5 36. Nd4 Qd6 37. Kf1 Qd7 38. Rb7 Qxb7 39. Qxd8+ Kg7 40. Qe8 Bd6 41. Nc6 Qc7 42. g3 Bc5 43. Nd8 Qe7 44. Qc6 Qxd8 45. Qxc5 a5 46. h4 Qa8 47. Qd4+ Kg8 48. Qa4 Qa6+ 49. Kg2 Qa8+ 50. e4 Qa6 51. Qe8+ Kg7 52. Qe5+ Kg8 53. Qe8+ Kg7 54. Qe5+ Kg8 55. Qe8+ 1/2-1/2


[Site "https://www.chess.com"]

[Event "Titled Tuesday Blitz June 29 2021"]
[White "FairChess_on_YouTube"]
[Black "TheBigBoss04"]
[WhiteElo "2978"]
[BlackElo "2779"]
[Result "1-0"]
[Round "09"]
[TimeControl "180+1"]
[Date "2021.06.29"]
[WhiteClock "0:01:39"]
[BlackClock "0:00:59"]

1. e4 c5 2. Nc3 a6 3. g4 b5 4. Bg2 Bb7 5. d3 e6 6. h4 b4 7. Nce2 d5 8. Ng3 Bd6 9. f4 Ne7 10. Nf3 Nbc6 11. Be3 d4 12. Bd2 e5 13. Nh5 Rg8 14. f5 Qc7 15. f6 Ng6 16. Nxg7+ Kd8 17. g5 c4 18. h5 Nf8 19. dxc4 Na5 20. b3 Bxe4 21. Qe2 Bb7 22. Nxd4 e4 23. O-O-O 1-0


[Site "https://www.chess.com"]

[Event "Titled Tuesday Blitz June 29 2021"]
[White "GM_Crest"]
[Black "Alexander_Zubov"]
[WhiteElo "2805"]
[BlackElo "2995"]
[Result "1-0"]
[Round "09"]
[TimeControl "180+1"]
[Date "2021.06.29"]
[WhiteClock "0:01:04"]
[BlackClock "0:00:31"]

1. d4 Nf6 2. c4 g6 3. Nc3 d5 4. Nf3 Bg7 5. cxd5 Nxd5 6. Bg5 Nxc3 7. bxc3 c5 8. Qd2 Qa5 9. e3 Nc6 10. Rb1 cxd4 11. cxd4 Qxd2+ 12. Nxd2 b6 13. Bb5 Bd7 14. O-O Na5 15. Rfc1 Bxb5 16. Rxb5 Kd7 17. Rb2 Rhc8 18. Rbc2 Rxc2 19. Rxc2 e5 20. dxe5 Bxe5 21. Kf1 f5 22. Nf3 Bd6 23. Ke2 b5 24. h4 Nc4 25. h5 gxh5 26. g3 a6 27. Nd4 Rf8 28. Rc1 Be5 29. Nf3 Bg7 30. Rh1 h6 31. Bf4 Rc8 32. Rxh5 Nd6 33. Kd3 Ne4 34. Rxf5 Nxf2+ 35. Ke2 Ne4 36. Rf7+ Ke6 37. Rxg7 Nc3+ 38. Kd3 Nxa2 39. Nd4+ Kf6 40. Ra7 Nb4+ 41. Ke4 Kg6 42. Bd6 Re8+ 43. Kf3 Nd5 44. e4 Nc3 45. e5 1-0


[Site "https://www.chess.com"]

[Event "Titled Tuesday Blitz June 29 2021"]
[White "GregShahade"]
[Black "Sharpchess22"]
[WhiteElo "2727"]
[BlackElo "2876"]
[Result "1-0"]
[Round "09"]
[TimeControl "180+1"]
[Date "2021.06.29"]
[WhiteClock "0:00:48"]
[BlackClock "0:00:02"]

1. e4 c6 2. Nc3 d5 3. Nf3 Bg4 4. h3 Bxf3 5. Qxf3 e6 6. Be2 Nd7 7. d4 Bb4 8. O-O Ne7 9. Bd3 O-O 10. Ne2 e5 11. exd5 cxd5 12. dxe5 Nxe5 13. Bxh7+ Kxh7 14. Qh5+ Kg8 15. Qxe5 Nc6 16. Qg3 Qf6 17. c3 Bc5 18. Bf4 Rfe8 19. Rfe1 Re4 20. Bd2 Ne5 21. Nf4 Qf5 22. Nxd5 Nd3 23. Rxe4 Bxf2+ 24. Kh1 Qxd5 25. Qf3 Qb5 26. Rf1 Nc5 27. Rxf2 Nxe4 28. Qxe4 1-0


[Site "https://www.chess.com"]

[Event "Titled Tuesday Blitz June 29 2021"]
[White "Grischuk"]
[Black "GigaQuparadze"]
[WhiteElo "3081"]
[BlackElo "2972"]
[Result "1/2-1/2"]
[Round "09"]
[TimeControl "180+1"]
[Date "2021.06.29"]
[WhiteClock "0:00:05"]
[BlackClock "0:00:24"]

1. e4 c5 2. Nc3 a6 3. Nge2 b5 4. d4 cxd4 5. Nxd4 Bb7 6. Bd3 Nc6 7. Nxc6 Bxc6 8. O-O g6 9. a4 b4 10. Nd5 e6 11. Re1 Bc5 12. Qf3 Kf8 13. Be3 Bxe3 14. Nxe3 Qf6 15. Qg3 Kg7 16. Nc4 d5 17. exd5 Bxd5 18. Nb6 Rd8 19. Nxd5 Rxd5 20. Bxa6 Qxb2 21. Bc4 Rc5 22. Bb3 Nf6 23. a5 Ra8 24. a6 Rc6 25. a7 Qd4 26. Qe5 Qb6 27. g4 h6 28. h4 Rc5 29. Qd4 Rb5 30. Qxb6 Rxb6 31. g5 hxg5 32. hxg5 Nd7 33. Ra5 Rb7 34. Rea1 Rc7 35. f4 Nc5 36. Kf2 Nb7 37. Ra6 Nc5 38. R6a5 Nb7 39. Ra6 Nd8 40. R1a5 Nb7 41. Rb5 Nc5 42. Raa5 Nxb3 43. cxb3 Raxa7 44. Rxa7 Rxa7 45. Rxb4 Ra5 46. Ke3 e5 47. Rc4 exf4+ 48. Kxf4 Rf5+ 49. Kg4 Kf8 50. Re4 Rb5 51. b4 Rf5 52. Rf4 Re5 53. Rd4 Ke7 54. Rf4 Ke6 55. Rf6+ Ke7 56. Rf4 Rd5 57. Re4+ Kd7 58. Rf4 Ke6 59. Rf6+ Ke7 60. Rf4 Ke6 61. Rf6+ Ke7 62. Rf4 Re5 63. Rd4 Rb5 64. Re4+ Kd6 65. Rf4 Ke5 66. Rxf7 Rxb4+ 67. Kg3 Rb6 68. Kg4 Rb4+ 69. Kg3 Rb3+ 70. Kg4 Rb4+ 1/2-1/2


[Site "https://www.chess.com"]

[Event "Titled Tuesday Blitz June 29 2021"]
[White "1977Ivan"]
[Black "GM_dmitrij"]
[WhiteElo "2729"]
[BlackElo "2903"]
[Result "0-1"]
[Round "09"]
[TimeControl "180+1"]
[Date "2021.06.29"]
[WhiteClock "0:00:01"]
[BlackClock "0:00:08"]

1. d4 d5 2. c4 c6 3. cxd5 cxd5 4. Bf4 Nc6 5. e3 Nf6 6. Bb5 e6 7. Nf3 Bd6 8. O-O Bxf4 9. Bxc6+ bxc6 10. exf4 Qd6 11. Ne5 O-O 12. Qa4 Bd7 13. Nd2 Rfb8 14. Nb3 a5 15. Nc5 Rb4 16. Qa3 Qc7 17. Qc3 Be8 18. f3 Nd7 19. b3 Nxc5 20. Qxc5 Qa7 21. Rfd1 f6 22. Ng4 Qxc5 23. dxc5 Rxf4 24. a3 e5 25. Nf2 Rb8 26. Rab1 Bg6 27. Rb2 Rc4 28. bxc4 Rxb2 29. cxd5 cxd5 30. g4 d4 31. Rc1 Rb7 32. h4 h6 33. Kf1 Kf7 34. Ke2 Ke6 35. Ne4 Kd5 36. c6 Rc7 37. Rc5+ Ke6 38. Kd3 a4 39. h5 Bxe4+ 40. Kxe4 Kd6 41. Ra5 Rxc6 42. Rxa4 Rc3 43. Ra6+ Kc5 44. Ra5+ Kc4 45. Ra7 Re3+ 46. Kf5 Rxf3+ 47. Ke6 d3 48. Rc7+ Kb3 49. Rxg7 d2 50. Rd7 Kc2 51. a4 Rd3 0-1


[Site "https://www.chess.com"]

[Event "Titled Tuesday Blitz June 29 2021"]
[White "Jospem"]
[Black "AnotherGrumpy"]
[WhiteElo "2942"]
[BlackElo "2594"]
[Result "1-0"]
[Round "09"]
[TimeControl "180+1"]
[Date "2021.06.29"]
[WhiteClock "0:00:33"]
[BlackClock "0:00:05"]

1. e4 c6 2. Nf3 d5 3. d3 g6 4. Nbd2 Bg7 5. g3 Bg4 6. Bg2 e6 7. O-O Ne7 8. h3 Bxf3 9. Qxf3 O-O 10. h4 Nd7 11. Qe2 Re8 12. Nf3 c5 13. c3 Nc6 14. Bf4 d4 15. c4 Nde5 16. Nh2 Rb8 17. Bxe5 Nxe5 18. f4 Nc6 19. e5 Ne7 20. g4 b5 21. b3 bxc4 22. dxc4 Qa5 23. Rad1 Red8 24. Be4 Qc7 25. Nf3 a5 26. Kg2 a4 27. Rd3 axb3 28. axb3 Rb4 29. h5 Rdb8 30. Nd2 Qa7 31. hxg6 hxg6 32. f5 Bh6 33. f6 Nc8 34. Rh1 Qa2 35. Rxh6 Rxb3 36. Kf3 Rxd3+ 37. Bxd3 Qa1 38. Qh2 Qd1+ 39. Be2 1-0


[Site "https://www.chess.com"]

[Event "Titled Tuesday Blitz June 29 2021"]
[White "Meri-Arabidze"]
[Black "OlegKrivonosov"]
[WhiteElo "2647"]
[BlackElo "2731"]
[Result "1/2-1/2"]
[Round "09"]
[TimeControl "180+1"]
[Date "2021.06.29"]
[WhiteClock "0:00:10"]
[BlackClock "0:00:22"]

1. d4 d5 2. c4 e6 3. Nf3 Nf6 4. g3 Be7 5. Bg2 O-O 6. O-O Nbd7 7. Qc2 c6 8. b3 b6 9. Bb2 Ba6 10. Rd1 Rc8 11. Nc3 h6 12. e4 dxc4 13. Nd2 b5 14. bxc4 bxc4 15. a4 Qa5 16. Bf1 Nb6 17. Ne2 Bb4 18. Bc3 Bxc3 19. Qxc3 Qxc3 20. Nxc3 Rfd8 21. a5 Nbd7 22. Bxc4 Bxc4 23. Nxc4 Nb8 24. e5 Ne8 25. a6 c5 26. d5 exd5 27. Nxd5 Nc6 28. f4 Kf8 29. Kf2 Nb4 30. Nce3 Nxd5 31. Rxd5 Rxd5 32. Nxd5 Nc7 33. Nxc7 Rxc7 34. Ke3 Rc6 35. Ke4 Ke7 36. Kd5 Kd7 37. Ra4 c4 38. Rxc4 Rxa6 39. Rb4 Ra5+ 40. Ke4 g6 41. g4 Ra1 42. Rb7+ Ke8 43. f5 Ra4+ 44. Kf3 Ra3+ 45. Kf4 Ra4+ 46. Kg3 Ra3+ 47. Kg2 Ra2+ 48. Kg3 Ra3+ 49. Kf4 Ra4+ 50. Kf3 Ra3+ 51. Ke4 Ra4+ 52. Kd5 Ra5+ 53. Ke4 Ra4+ 1/2-1/2


[Site "https://www.chess.com"]

[Event "Titled Tuesday Blitz June 29 2021"]
[White "Murad_Ibrahimli"]
[Black "Duhless"]
[WhiteElo "2840"]
[BlackElo "3071"]
[Result "0-1"]
[Round "09"]
[TimeControl "180+1"]
[Date "2021.06.29"]
[WhiteClock "0:00:07"]
[BlackClock "0:00:04"]

1. d4 Nf6 2. c4 e6 3. Nf3 d5 4. Nc3 Bb4 5. cxd5 exd5 6. Bf4 Ne4 7. Rc1 Nc6 8. g3 O-O 9. Bg2 Re8 10. O-O Bxc3 11. bxc3 Na5 12. Nd2 Bf5 13. Nxe4 Bxe4 14. f3 Bg6 15. Re1 Nc4 16. e4 c6 17. h4 b5 18. Qb3 Qd7 19. Qb4 h5 20. Qc5 a5 21. Kh2 b4 22. Bh3 Qb7 23. Re2 bxc3 24. Rxc3 a4 25. e5 Ra5 26. Rxc4 Rxc5 27. Rxc5 Bd3 28. Rd2 Bc4 29. g4 hxg4 30. Bxg4 a3 31. h5 Ra8 32. h6 g6 33. Bg5 Kh7 34. Kg3 Ra6 35. e6 fxe6 36. Bxe6 Qb1 37. Bc8 Qe1+ 38. Kh2 Ra7 39. Rxc6 Re7 0-1


[Site "https://www.chess.com"]

[Event "Titled Tuesday Blitz June 29 2021"]
[White "NTBT_DHS"]
[Black "Alexsur1981"]
[WhiteElo "2715"]
[BlackElo "2869"]
[Result "0-1"]
[Round "09"]
[TimeControl "180+1"]
[Date "2021.06.29"]
[WhiteClock "0:00:17"]
[BlackClock "0:00:28"]

1. d4 d5 2. c4 e6 3. Nf3 c6 4. g3 Nf6 5. Bg2 dxc4 6. O-O b5 7. b3 cxb3 8. axb3 Bb7 9. Bd2 Nbd7 10. Ba5 Qb8 11. Nbd2 Be7 12. e4 O-O 13. b4 e5 14. Nb3 exd4 15. Nfxd4 Re8 16. f4 c5 17. Nxb5 cxb4 18. Nc7 Bxe4 19. Nxe8 Qxe8 20. Bxe4 Nxe4 21. Re1 Ndf6 22. Qd4 Bf8 23. Bc7 Qc6 24. Rac1 Nc3 25. Be5 Ng4 26. h3 Nxe5 27. fxe5 a5 28. Kh2 a4 29. Nd2 Qe6 30. Ne4 Nxe4 31. Qxe4 Re8 32. Rc6 Qd7 33. e6 Rxe6 34. Rxe6 Qxe6 35. Qxe6 fxe6 36. Kg2 a3 37. Kf3 b3 38. Ke3 a2 39. Kd3 b2 0-1


[Site "https://www.chess.com"]

[Event "Titled Tuesday Blitz June 29 2021"]
[White "Oleksandr_Bortnyk"]
[Black "GMKrikor"]
[WhiteElo "3024"]
[BlackElo "2775"]
[Result "1-0"]
[Round "09"]
[TimeControl "180+1"]
[Date "2021.06.29"]
[WhiteClock "0:00:07"]
[BlackClock "0:00:02"]

1. e4 c5 2. c3 d5 3. exd5 Qxd5 4. d4 g6 5. Be3 cxd4 6. cxd4 Bg7 7. Nf3 Nf6 8. Nc3 Qd6 9. Bc4 O-O 10. O-O Nc6 11. a3 Bf5 12. Nb5 Qd8 13. d5 Na5 14. Ba2 Bd7 15. Nbd4 Rc8 16. Ne5 Ne4 17. Nxd7 Qxd7 18. Qd3 Nd6 19. Rac1 Rxc1 20. Rxc1 Rc8 21. b4 Rxc1+ 22. Bxc1 Qc8 23. Bg5 Nac4 24. h3 Kf8 25. Nf3 Bf6 26. Bxf6 exf6 27. Qd4 Kg7 28. Qxa7 b6 29. Qe7 Qa8 30. Bxc4 Nxc4 31. d6 Qxa3 32. d7 Qc1+ 33. Ne1 Ne5 34. d8=Q Qxe1+ 35. Kh2 Nf3+ 36. Kg3 1-0


[Site "https://www.chess.com"]

[Event "Titled Tuesday Blitz June 29 2021"]
[White "Riazantsev"]
[Black "exoticprincess"]
[WhiteElo "2763"]
[BlackElo "2870"]
[Result "0-1"]
[Round "09"]
[TimeControl "180+1"]
[Date "2021.06.29"]
[WhiteClock "0:00:07"]
[BlackClock "0:00:22"]

1. d4 d5 2. Nf3 c6 3. c4 Nf6 4. Nc3 dxc4 5. a4 a5 6. e3 Bg4 7. Bxc4 e6 8. O-O Bb4 9. h3 Bh5 10. Qe2 Nbd7 11. Rd1 O-O 12. e4 h6 13. Bf4 Re8 14. Rac1 Qe7 15. Bg3 Rac8 16. Na2 Bg6 17. Bd3 Bh5 18. Bh4 Qf8 19. g4 Bg6 20. Ne5 Bh7 21. f4 Be7 22. Bf2 Nxe5 23. dxe5 Nd7 24. Nc3 g5 25. Bc4 Red8 26. Rxd7 Rxd7 27. f5 Rdd8 28. Qe3 Kh8 29. Kg2 Bb4 30. h4 Qg7 31. Kf3 Qxe5 32. hxg5 hxg5 33. Qxg5 Rg8 34. Qh4 exf5 35. gxf5 Rg7 36. Ne2 Be7 37. Qh5 Bf6 38. Rh1 Re8 39. Bd3 Kg8 40. Bd4 Qd6 41. Bxf6 Qxf6 42. Nf4 Qe5 43. Qh6 Rd8 44. f6 Rxd3+ 45. Nxd3 Qxe4+ 46. Kf2 Rg2+ 0-1


[Site "https://www.chess.com"]

[Event "Titled Tuesday Blitz June 29 2021"]
[White "Shahaliyev"]
[Black "olksuna"]
[WhiteElo "2716"]
[BlackElo "2644"]
[Result "1-0"]
[Round "09"]
[TimeControl "180+1"]
[Date "2021.06.29"]
[WhiteClock "0:00:27"]
[BlackClock "0:00:19"]

1. d4 Nf6 2. Nc3 d6 3. Bg5 Nbd7 4. e4 e5 5. f4 Be7 6. Nf3 O-O 7. Qd2 exd4 8. Nxd4 Nc5 9. Bd3 h6 10. h4 Bg4 11. Qe3 Nxd3+ 12. cxd3 hxg5 13. hxg5 Nh5 14. Rh4 Nxf4 15. Rxg4 Bxg5 16. Rxf4 d5 17. O-O-O c5 18. Nf5 d4 19. Qg3 Bxf4+ 20. Qxf4 dxc3 21. Rh1 cxb2+ 22. Kxb2 Qxd3 23. Rh8+ 1-0


[Site "https://www.chess.com"]

[Event "Titled Tuesday Blitz June 29 2021"]
[White "ShapkinAnatoliy"]
[Black "kingofthenil"]
[WhiteElo "2712"]
[BlackElo "2622"]
[Result "0-1"]
[Round "09"]
[TimeControl "180+1"]
[Date "2021.06.29"]
[WhiteClock "0:00:07"]
[BlackClock "0:00:13"]

1. d4 Nf6 2. c4 a6 3. Nc3 c5 4. d5 b5 5. e4 b4 6. Na4 Nxe4 7. Bd3 Nd6 8. Nxc5 g6 9. Nf3 Bg7 10. O-O O-O 11. Re1 e6 12. Bf4 Nb7 13. Ne4 exd5 14. cxd5 d6 15. h3 Bf5 16. Qd2 Bxe4 17. Bxe4 a5 18. Nd4 Nc5 19. Bf3 Qf6 20. Rad1 Nbd7 21. Nc6 Rfe8 22. b3 h6 23. Bxh6 Bxh6 24. Qxh6 Ne5 25. Qe3 Ned3 26. Qxe8+ Rxe8 27. Rxe8+ Kg7 28. Re2 Nf4 29. Red2 Nxh3+ 30. Kh2 Ng5 31. Nxa5 Nxf3+ 32. gxf3 Qxf3 33. Kg1 Ne4 34. Nc4 Qg4+ 35. Kf1 Qh3+ 36. Ke2 Nc3+ 37. Ke1 Qh1# 0-1


[Site "https://www.chess.com"]

[Event "Titled Tuesday Blitz June 29 2021"]
[White "Supernotar"]
[Black "hanzo_hasashi1"]
[WhiteElo "2707"]
[BlackElo "2859"]
[Result "0-1"]
[Round "09"]
[TimeControl "180+1"]
[Date "2021.06.29"]
[WhiteClock "0:00:22"]
[BlackClock "0:00:19"]

1. d4 Nf6 2. c4 g6 3. Nc3 Bg7 4. e4 d6 5. Be2 O-O 6. Nf3 e5 7. O-O Na6 8. Bg5 h6 9. Bh4 Qe8 10. d5 Nh5 11. Nd2 Nf4 12. Re1 f5 13. exf5 gxf5 14. Bf1 Ng6 15. Qh5 Nb4 16. Rac1 f4 17. a3 Rf5 18. Qe2 Nxh4 19. axb4 f3 20. Nxf3 Nxf3+ 21. gxf3 Rg5+ 22. Kh1 Qg6 23. Bg2 Rxg2 24. Rg1 Bh3 25. Ne4 Rf8 26. c5 Kh8 27. cxd6 cxd6 28. Ng3 Rxg1+ 29. Rxg1 Qf7 30. Ne4 Qxd5 31. Rg3 Bf5 32. Qe3 Qd4 33. Qe2 Bxe4 34. fxe4 Qxf2 35. Qg4 Qf1+ 36. Rg1 Qf3+ 37. Qxf3 Rxf3 38. Rd1 Rb3 39. Rxd6 Rxb4 40. Kg2 Rxe4 41. Rd7 Rb4 42. Rd2 e4 43. Re2 Bxb2 44. Kg3 Be5+ 45. Kg4 e3+ 46. Kf5 Bf4 47. Kg6 Kg8 48. Rc2 Kf8 49. Kf6 Ke8 50. Ke6 Kd8 51. Rc4 Rxc4 0-1


[Site "https://www.chess.com"]

[Event "Titled Tuesday Blitz June 29 2021"]
[White "Tayson_7"]
[Black "Arseniy_Nesterov"]
[WhiteElo "2649"]
[BlackElo "2814"]
[Result "0-1"]
[Round "09"]
[TimeControl "180+1"]
[Date "2021.06.29"]
[WhiteClock "0:00:01"]
[BlackClock "0:00:19"]

1. e4 e5 2. Nf3 Nc6 3. Bb5 a6 4. Ba4 b5 5. Bb3 Na5 6. d4 exd4 7. Qxd4 Bb7 8. O-O d6 9. Bg5 Ne7 10. Qc3 Nxb3 11. axb3 Qd7 12. Nbd2 h6 13. Bxe7 Bxe7 14. Qxg7 O-O-O 15. Kh1 f5 16. exf5 Rdg8 17. Qf7 Rf8 18. Qe6 Rxf5 19. Qxd7+ Kxd7 20. Rae1 Bf6 21. c3 Rg8 22. b4 Rf4 23. Re3 c5 24. bxc5 dxc5 25. Rd1 Kc7 26. Nb3 Rf5 27. Nc1 a5 28. Ne2 a4 29. Ng3 Rd5 30. Rde1 Rgd8 31. Ne4 Bg7 32. h4 Kb6 33. Kh2 Rd1 34. R1e2 b4 35. cxb4 cxb4 36. Ng3 R1d3 37. Nf5 Rxe3 38. Nxe3 Ba6 39. Rc2 b3 40. Nc4+ Kc5 41. Rd2 Rxd2 42. Ncxd2 Bxb2 43. Ne1 Bc3 44. Nef3 Kb4 45. Ne4 a3 46. Nfd2 Bxd2 47. Nxd2 a2 0-1


[Site "https://www.chess.com"]

[Event "Titled Tuesday Blitz June 29 2021"]
[White "TigrVShlyape"]
[Black "Carnivoras"]
[WhiteElo "2845"]
[BlackElo "2667"]
[Result "1-0"]
[Round "09"]
[TimeControl "180+1"]
[Date "2021.06.29"]
[WhiteClock "0:00:11"]
[BlackClock "0:00:06"]

1. d4 d5 2. Nf3 Nf6 3. Bf4 Bf5 4. c4 e6 5. Nc3 c6 6. e3 Nbd7 7. Qb3 Qc8 8. h3 Be7 9. Be2 O-O 10. O-O h6 11. Rfc1 Nb6 12. c5 Nbd7 13. Qd1 Ne4 14. b4 Bf6 15. Qb3 Re8 16. Nxe4 Bxe4 17. Ne5 Bxe5 18. Bxe5 Nxe5 19. dxe5 Qd8 20. Qc3 Qg5 21. f3 Bf5 22. Kh2 a6 23. Qd4 Bg6 24. h4 Qe7 25. g3 Rf8 26. a4 Qc7 27. Qf4 f6 28. exf6 e5 29. Qg4 Rxf6 30. b5 axb5 31. axb5 Raf8 32. bxc6 bxc6 33. Ra6 Qf7 34. Qa4 Qd7 35. Ra7 Qe6 36. Rf1 Bh5 37. g4 Bxg4 38. Qxg4 Qxg4 39. fxg4 Rxf1 40. Bxf1 Rxf1 41. Rc7 Rf6 42. Kg2 e4 43. g5 hxg5 44. hxg5 Rf3 45. g6 Kf8 46. Rxc6 Rxe3 47. Rc7 Rc3 48. Rf7+ Kg8 49. Rc7 Kf8 50. c6 d4 51. Rf7+ Ke8 52. c7 d3 53. Kf2 Rc1 54. Ke3 Re1+ 55. Kd2 Re2+ 56. Kd1 Rc2 57. Rxg7 e3 58. c8=Q+ Rxc8 59. Rg8+ Kd7 60. Rxc8 Kxc8 61. g7 1-0


[Site "https://www.chess.com"]

[Event "Titled Tuesday Blitz June 29 2021"]
[White "VladDobrov"]
[Black "ChessWarrior7197"]
[WhiteElo "2800"]
[BlackElo "2979"]
[Result "0-1"]
[Round "09"]
[TimeControl "180+1"]
[Date "2021.06.29"]
[WhiteClock "0:00:08"]
[BlackClock "0:00:05"]

1. d4 d5 2. c4 dxc4 3. e4 Nf6 4. e5 Nd5 5. Bxc4 Nb6 6. Bb3 Nc6 7. Ne2 Bf5 8. Nbc3 e6 9. O-O Qd7 10. a3 O-O-O 11. Be3 Be7 12. Rc1 Kb8 13. Na4 Nd5 14. Nc5 Bxc5 15. Rxc5 Nce7 16. Ng3 Bg6 17. Qf3 h5 18. Rfc1 h4 19. Nf1 h3 20. g3 c6 21. Bc2 Bxc2 22. R5xc2 Nf5 23. b4 Nc7 24. Rd1 Nb5 25. d5 cxd5 26. a4 Nc7 27. b5 d4 28. Bg5 Rc8 29. g4 Nh4 30. Bxh4 Rxh4 31. Rcd2 Qd5 32. Qg3 Qg2+ 33. Qxg2 hxg2 34. Ng3 Nd5 35. Rxd4 Rch8 36. Kxg2 Rxh2+ 37. Kf3 Rc8 38. R4d3 Rc4 39. Rd4 Rc2 40. R4d2 Rc7 41. Ne4 Rh3+ 42. Ng3 Rh8 43. Rd3 Rhc8 44. Ne4 Rc4 45. Nd6 Rf4+ 46. Kg3 Rxa4 47. Nxc8 Kxc8 48. Rc1+ Kd7 49. Rf3 Ke7 50. Rb1 g5 51. Rd3 Ra2 52. Rc1 Kf8 53. Rc8+ Kg7 54. Rb8 b6 55. Rb7 Ra1 56. Rf3 Nf4 57. Kh2 Ra5 58. Re3 Ra2 59. Kg3 Kg6 60. Rb8 Kg7 61. Rb7 Ng6 62. Kg2 Ra5 63. Re4 Nf4+ 64. Kg3 Ra1 65. Kh2 Ra2 66. Kg3 Nd3 67. Re3 Nxf2 68. Rf3 Nh1+ 69. Kh3 Nf2+ 70. Kg3 Ne4+ 71. Kh3 Nf2+ 72. Kg2 Nxg4+ 73. Kg3 Nxe5 74. Re3 Kf6 75. Rb8 Ra5 76. Rb3 Ra4 77. Kg2 Ng6 78. Rf3+ Nf4+ 79. Kg3 Ra5 80. Rb7 Rxb5 81. Rxa7 Rb1 82. Rc3 Ne2+ 0-1


[Site "https://www.chess.com"]

[Event "Titled Tuesday Blitz June 29 2021"]
[White "erichansen"]
[Black "Byniolus"]
[WhiteElo "2926"]
[BlackElo "2780"]
[Result "1-0"]
[Round "09"]
[TimeControl "180+1"]
[Date "2021.06.29"]
[WhiteClock "0:00:08"]
[BlackClock "0:00:04"]

1. b3 d5 2. Bb2 Nf6 3. e3 Bf5 4. Nf3 e6 5. Nh4 Bg6 6. Nxg6 hxg6 7. d3 Nbd7 8. Nd2 c6 9. g3 a5 10. a3 Be7 11. Bg2 O-O 12. O-O Ne8 13. c4 Bf6 14. d4 Nd6 15. Qc2 Re8 16. Rab1 g5 17. Rfd1 g4 18. e4 dxe4 19. Nxe4 Be7 20. d5 cxd5 21. cxd5 Rc8 22. Qe2 e5 23. Nxd6 Bxd6 24. Qxg4 Nf6 25. Qe2 Qb6 26. Bc1 e4 27. Be3 Qc7 28. Bh3 Rcd8 29. Rbc1 Qe7 30. Bb6 Ra8 31. a4 Qe5 32. Bd4 Qg5 33. Be3 Qg6 34. Rc4 Rad8 35. Bb6 Ra8 36. Bc7 Ra6 37. Bxd6 Rxd6 38. Rc5 b6 39. Rc6 Red8 40. Rxd6 Rxd6 41. Qc4 Qh5 42. Qc8+ Kh7 43. Qf5+ Qxf5 44. Bxf5+ g6 45. Bh3 Rxd5 46. Rxd5 Nxd5 47. Bf1 Kg7 48. Bc4 Nb4 49. f3 exf3 50. Kf2 f5 51. h4 Kf6 52. Kxf3 Ke5 53. Ke3 Nc2+ 54. Kd2 Nd4 55. Ke3 Nc2+ 56. Kd3 Ne1+ 57. Kd2 Nf3+ 58. Ke3 Nd4 59. Bf7 Nc2+ 60. Kd2 Nd4 61. Kd3 Nc6 62. Bxg6 f4 63. gxf4+ Kxf4 64. h5 Kg5 65. Kc4 Kf6 66. Be4 Ne5+ 67. Kb5 Ng4 68. Kxb6 Nf2 69. Bf3 Nd3 70. Kxa5 Nc5 71. Kb4 Na6+ 72. Kb5 Nc7+ 73. Kb6 Ne6 74. a5 Nd4 75. Bd1 Nxb3 76. Bxb3 1-0


[Site "https://www.chess.com"]

[Event "Titled Tuesday Blitz June 29 2021"]
[White "jcibarra"]
[Black "azikom"]
[WhiteElo "2807"]
[BlackElo "2694"]
[Result "1-0"]
[Round "09"]
[TimeControl "180+1"]
[Date "2021.06.29"]
[WhiteClock "0:00:04"]
[BlackClock "0:00:02"]

1. e4 c6 2. Nf3 d5 3. d3 dxe4 4. dxe4 Qxd1+ 5. Kxd1 g6 6. a4 Bh6 7. Bxh6 Nxh6 8. h3 Nd7 9. a5 f6 10. Bc4 Nf7 11. Nfd2 e5 12. Bxf7+ Kxf7 13. Nc4 Ke7 14. Ke2 Nc5 15. Nbd2 Be6 16. Ne3 Rad8 17. f3 Rd4 18. Ra3 Rhd8 19. Rd1 Rb4 20. b3 Rbd4 21. Ndf1 f5 22. exf5 gxf5 23. Rxd4 exd4 24. Nc4 Kf6 25. Nfd2 h5 26. b4 Na6 27. Rb3 Nc7 28. Rb1 h4 29. Kf2 Nb5 30. Re1 d3 31. Rc1 dxc2 32. Rxc2 Rd3 33. a6 b6 34. Nb2 Rd4 35. Ke3 Rxb4 36. Nd3 Ra4 37. Rxc6 Ra3 38. Nc4 Rc3 39. Ne5 Rxc6 40. Nxc6 Bd7 41. Ndb4 Ke6 42. Kf4 Kd6 43. Nb8 Bc8 44. N8c6 Kc5 45. Kg5 Bd7 46. Kxh4 Bxc6 47. Nd3+ Kd6 48. Kg5 Nc7 49. h4 Ne6+ 50. Kf6 Bb5 51. Nb4 Be8 52. Kxf5 Nd4+ 53. Kf6 b5 54. f4 Nc6 55. Nd3 b4 56. Nc1 Nd4 57. g4 b3 58. Nxb3 Nxb3 59. h5 Nc5 60. h6 Ne4+ 61. Kg7 Ng3 62. h7 Bd7 63. h8=Q Bxg4 64. Qb8+ Ke6 65. Qc8+ Ke7 66. Qxg4 1-0


[Site "https://www.chess.com"]